 Dungeon Crawl Stone Soup version 0.28.0-45-g0d030f2227 (webtiles) character file.

Game seed: 8400959648397706892

371 Roc the Chopper (level 6, -3/38 HPs)
             Began as a Gargoyle Fighter on Apr 12, 2022.
             Slain by an ogre
             ... wielding a +0 giant spiked club
              (12 damage)
             ... on level 4 of the Dungeon.
             The game lasted 00:18:16 (2693 turns).

Roc the Chopper (Gargoyle Fighter)                  Turns: 2693, Time: 00:18:16

Health: -3/38      AC: 12    Str: 22    XL:     6   Next: 71%
Magic:  6/6        EV:  9    Int:  8    God:
Gold:   84         SH:  4    Dex:  9    Spells: 5/5 levels left

rFire   . . .      SeeInvis .   a - +0 war axe (protect)
rCold   . . .      Faith    .   c - +0 buckler
rNeg    + . .      Spirit   .   b - +0 scale mail
rPois   ∞          Reflect  .   (no helmet)
rElec   +          Harm     .   (no cloak)
rCorr   .          Rampage  .   f - +0 pair of gloves
Will    +....                   (no boots)
Stlth   ..........              (no amulet)
HPRegen 0.12/turn               e - ring of willpower
MPRegen 0.10/turn               (no ring)

@: no status effects
A: sickness immunity, AC +4, negative energy resistance 1, electricity
resistance, torment resistance 1, petrification resistance
a: no special abilities


You were on level 4 of the Dungeon.
You visited 1 branch of the dungeon, and saw 5 of its levels.

You collected 84 gold pieces.

Inventory:

Hand Weapons
 a - a +0 war axe of protection (weapon)
 i - a +0 hunting sling
Armour
 b - a +0 scale mail (worn)
 c - a +0 buckler (worn)
 f - a +0 pair of gloves (worn)
Jewellery
 e - a ring of willpower (left hand)
Wands
 p - a wand of acid (2)
Scrolls
 k - a scroll of fog
Potions
 d - 2 potions of might
 g - a potion of berserk rage {unknown}
 h - a potion of resistance {unknown}
 j - a potion of flight {unknown}
 l - a potion of degeneration {unknown}
 m - a potion of haste {unknown}
 n - a potion of lignification {unknown}
 o - a potion of attraction {unknown}


   Skills:
 + Level 4.1 Fighting
 + Level 4.7 Axes
 + Level 4.4 Armour
 + Level 1.4 Dodging
 + Level 0.5 Stealth
 + Level 3.7 Shields


You had 5 spell levels left.
You didn't know any spells.
Your spell library contained the following spells:

 Spells                   Type           Power      Damage    Failure   Level
 Gell's Gravitas          Tloc           0%         N/A       99%         3
 Lesser Beckoning         Tloc           0%         N/A       99%         3
 Teleport Other           Tloc           0%         N/A       99%         3


Dungeon Overview and Level Annotations

Branches:
Dungeon (5/15)
 Temple: D:4-7

Altars:


Innate Abilities, Weirdness & Mutations

You are immune to sickness and miasma.
Your stone body is resilient. (AC +4)
You are immune to poison.
You resist negative energy. (rN+)
You are resistant to electric shocks. (rElec)
You are resistant to unholy torment.
You are immune to petrification.


Message History

The dart slug launches a dart at you.
The slug dart hits you but does no damage.
The dart slug launches a dart at you. The slug dart hits you.
You hit the dart slug.
Your weapon exudes an aura of protection.
The dart slug is severely wounded.
The dart slug barely misses you.
You hit the dart slug.
You kill the dart slug!
You now have 84 gold pieces (gained 13).
Blork the orc comes into view.
He is wielding a +0 long sword.
Blork the orc shouts!
Blork the orc casts a spell at you. The puff of flame hits you.
You see here 13 gold pieces.
Blork the orc screams, "I'll drink your blood!
Soon!"
Blork the orc casts a spell at you. The puff of frost hits you!
Blork the orc barely misses you.
You slash Blork the orc!
Your weapon exudes an aura of protection.
Blork the orc is heavily wounded.
Blork the orc hits you but does no damage.
You slash Blork the orc!
You kill Blork the orc!
d - 2 potions of might (gained 1)
Things that are here:
a +0 long sword; a +0 robe You open the large door.
Found a hand axe.
There is a large open door here.
There is a large open door here.
An ogre comes into view. It is wielding a +0 giant spiked club.
The ogre shouts!
The ogre hits you with a +0 giant spiked club!
* * * LOW HITPOINT WARNING * * *
You closely miss the ogre.
The ogre hits you with a +0 giant spiked club!
You die...

### #####.# #..
......# ##.........#
#...........
#...........
#...#.......
#...O.).... ....
#..@....... .......
#.......... .......
#.......... .......#
#.......... ........
##'#.#####..........
####'#.....+.>........
#........# ..........
#........+ .........)
#...)....# ........#.


You could see an ogre.

Vanquished Creatures
  A water moccasin (D:4)
  Blork the orc (D:4)
  A gnoll shaman (D:4)
  An orc wizard (D:4)
  A hound skeleton (D:4)
  6 gnolls
  An adder (D:4)
  2 worms
  2 dart slugs
  3 orcs
  2 ball pythons
  2 endoplasms
  2 giant cockroaches
  A goblin (D:1)
  2 hobgoblins
  4 jackals
  4 quokkas
  6 bats
  3 frilled lizards (D:1)
  9 kobolds
  4 rats
58 creatures vanquished.

Notes
Turn   | Place    | Note
-------+----------+-------------------------------------------
     0 | D:1      | Roc the Gargoyle Fighter began the quest for the Orb.
     0 | D:1      | Reached XP level 1. HP: 14/14 MP: 1/1
   160 | D:1      | Reached XP level 2. HP: 13/19 MP: 2/2
   414 | D:1      | Found a faded altar of an unknown god.
   785 | D:1      | Reached XP level 3. HP: 23/23 MP: 3/3
  1919 | D:3      | Reached XP level 4. HP: 26/29 MP: 4/4
  2053 | D:4      | Reached XP level 5. HP: 23/33 MP: 5/5
  2085 | D:4      | Noticed a water moccasin
  2109 | D:4      | Killed a water moccasin
  2110 | D:4      | Reached skill level 1 in Dodging
  2110 | D:4      | Reached XP level 6. HP: 12/38 MP: 6/6
  2356 | D:5      | Entered Level 5 of the Dungeon
  2675 | D:4      | Noticed Blork the orc
  2681 | D:4      | Killed Blork the orc
  2693 | D:4      | Slain by an ogre

Illustrated notes

Levels and vault maps discovered:
D:1:      minmay_arrival_glassed_features, layout_basic, basic_ecumenical_altar,
          minmay_misc_feat_room
D:2:      layout_loops_ring, bh_walls_and_bars
D:3:      layout_basic, uniq_grinder
D:4:      layout_basic, minmay_temple_entry_nine_rooms, serial_shops,
          nicolae_shop_window_shopping, uniq_blork_the_orc
D:5:      layout_rooms

Skill      XL: |  1  2  3  4  5 |
---------------+----------------+-----
Axes           | 2 3 4 |  4.7
Armour         | 4 |  4.4
Fighting       | 4 |  4.1
Dodging        | 1 |  1.4
Stealth        | |  0.5
Shields        | |  3.7

Action                   |  1- 3 |  4- 6 || total
-------------------------+-------+-------++-------
Melee: War axe           |   113 |    80 ||   193
  Use: Scroll            |     4 |     3 ||     7
Armor: Scale mail        |    82 |    56 ||   138
Dodge: Dodged            |    82 |    41 ||   123
Block: Buckler           |    32 |    14 ||    46
